 Dungeon Crawl Stone Soup version 0.22-a0-149-g870e420 (webtiles) character file.

11541 KristoblXynda the Carver (level 11, 0/82 HPs)
             Began as a Grey Draconian Gladiator on Feb 7, 2018.
             Was a High Priest of Uskayaw.
             Slain by a lindwurm (8 damage)
             ... summoned by Kirke
             ... on level 12 of the Dungeon.
             The game lasted 00:23:50 (12367 turns).

KristoblXynda the Carver (DrGl)                    Turns: 12367, Time: 00:23:52

Health: 0/82       AC:  0    Str: 17    XL:     11   Next: 50%
Magic:  16/16      EV: 20    Int: 12    God:    Uskayaw [*****.]
Gold:   593        SH:  2    Dex: 12    Spells: 10/10 levels left

rFire    . . .     SeeInvis .   (weapon currently unavailable)
rCold    . . .     Gourm    .   (shield currently unavailable)
rNeg     . . .     Faith    .   (armour unavailable)
rPois    .         Spirit   .   (helmet currently unavailable)
rElec    .         Reflect  +   (cloak currently unavailable)
rCorr    .         Harm     .   (gloves currently unavailable)
MR       .....                  (boots currently unavailable)
Stlth    +.........             h - +2 amulet of reflection
HPRegen  0.23/turn              (ring currently unavailable)
MPRegen  0.15/turn              (ring currently unavailable)

@: pig-form, slowed
A: small, (walk through water), unfitting armour, AC +12
a: Stomp, Line Pass, Grand Finale, Renounce Religion


You were on level 12 of the Dungeon.
You worshipped Uskayaw.
Uskayaw was noncommittal.
You were not hungry.
You were a filthy swine.
You visited 2 branches of the dungeon, and saw 13 of its levels.
You also visited: Sewer.

You collected 686 gold pieces.
You spent 93 gold pieces at shops.

Inventory:

Hand Weapons
 a - a +1 long sword of venom (melded)
Missiles
 c - 5 throwing nets (quivered)
 M - 6 silver javelins
Armour
 b - a +1 hat (melded)
 k - a +1 pair of gloves (melded)
 q - a +1 pair of boots (melded)
 H - a cursed +0 shield
 I - a scarf of spirit shield (melded)
 P - a +0 buckler
Magical Staves
 D - an uncursed staff of energy
Jewellery
 h - a +2 amulet of reflection (around neck)
 p - a +1 ring of slaying (melded)
 x - an uncursed ring of flight
 E - a cursed ring of magical power (melded)
 L - an uncursed amulet of rage
Wands
 t - a wand of acid (1)
 A - a wand of paralysis (3)
Scrolls
 e - 3 scrolls of immolation
 f - 6 scrolls of teleportation
 g - a scroll of summoning
 j - 3 scrolls of magic mapping
 l - 7 scrolls of remove curse
 v - a scroll of enchant armour
 y - 2 scrolls of blinking
 J - a scroll of identify
 K - a scroll of fear
 N - a scroll of fog
 O - a scroll of enchant weapon
Potions
 i - 2 potions of curing
 m - 2 potions of haste
 n - a potion of mutation
 o - 3 potions of brilliance
 r - a potion of cancellation
 s - 3 potions of magic
 w - a potion of might
 z - a potion of resistance
 C - a potion of heal wounds
 G - 2 potions of flight
Books
 u - a book of Changes

   Spells                             Type                      Level
   a - Beastly Appendage              Transmutation                1
   b - Sticks to Snakes               Transmutation                2
   c - Spider Form                    Transmutation/Poison         3
   d - Ice Form                       Ice/Transmutation            4
   e - Blade Hands                    Transmutation                5
 B - a book of Misfortune

   Spells                             Type                      Level
   a - Confusing Touch                Hexes                        1
   b - Confuse                        Hexes                        3
   c - Gell's Gravitas                Translocation                3
   d - Petrify                        Transmutation/Earth          4
   e - Metabolic Englaciation         Hexes/Ice                    5
   f - Yara's Violent Unravelling     Hexes/Transmutation          5
 F - a book of Enchantments

   Spells                             Type                      Level
   a - Cause Fear                     Hexes                        4
   b - Yara's Violent Unravelling     Hexes/Transmutation          5
   c - Silence                        Hexes/Air                    5
   d - Deflect Missiles               Charms/Air                   6
   e - Discord                        Hexes                        8
Comestibles
 d - 24 rations


   Skills:
 + Level 3.6 Fighting
 + Level 13.4 Long Blades
 - Level 2.0 Throwing
 + Level 9.4 Dodging
 + Level 7.7 Invocations


You had 10 spell levels left.
You didn't know any spells.

Dungeon Overview and Level Annotations

Branches:
Dungeon (12/15)            Temple (1/1) D:7            Lair (0/6) D:9
    Orc (0/2) D:12

Altars:
Ashenzari
Cheibriados
Dithmenos
Elyvilon
Fedhas
Gozag
Hepliaklqana
Kikubaaqudgha
Makhleb
Nemelex Xobeh
Okawaru
Qazlal
Ru
Sif Muna
Trog
Uskayaw
Vehumet
Wu Jian
Xom
Yredelemnul
Zin
The Shining One

Shops:
D:4 [:*!=   D:9 *:(%

Annotations:
D:12 Kirke


Innate Abilities, Weirdness & Mutations

((You can walk through water.))
((Your dull iron-grey scales are very hard. (AC +12)))
You cannot fit into any form of body armour.
((You can survive without breathing.))
((You are cold-blooded and may be slowed by cold attacks.))


Message History

Kirke hits you!
* * * LOW HITPOINT WARNING * * *
The lindwurm bites you.
* * * LOW HITPOINT WARNING * * *
The lindwurm closely misses you. The lindwurm claws you.
* * * LOW HITPOINT WARNING * * *
You feel much better.
Kirke casts a spell.
Kirke flickers and vanishes!
Deactivating autopickup; reactivate with Ctrl-A.
The lindwurm bites you.
* * * LOW HITPOINT WARNING * * *
The lindwurm claws you.
* * * LOW HITPOINT WARNING * * *
The lindwurm claws you!
* * * LOW HITPOINT WARNING * * *
You hear some strange, mumbled words.
Nothing appears to happen.
The lindwurm completely misses you. The lindwurm claws you!
You die...

## #.#
#.....#.#
########.#
#.# #.....#.#
#.# #.#
##...##.# #.#
#.# ###.##.#
#.# #####.#
#.....# #.#
..[...#
#..#### #.#
####### #.(#
#.#
#.z##########
#..
#hzhh{hk....#
##.
#o#########.#
#. #)# #.
#oo.# #.
#.#z.# #.
##ooh.. ## .
8h... .(h)...
.. ....


You could see a lindwurm, 3 hogs, 2 wights and an orc.

Vanquished Creatures
  Harold (D:11)
  2 two-headed ogres
  Pikel (D:7)
  2 cyclopes (D:12)
  2 gargoyles
  2 trolls
  2 hippogriffs
  2 shadows (D:12)
  A vampire (D:10)
  5 sky beasts
  A slave (D:7)
  An eye of draining (D:8)
  A phantom (D:10)
  A black bear (D:10)
  6 orc warriors
  7 ogres
  3 ice beasts
  A crocodile (D:10)
  10 centaurs
  2 big kobolds
  6 bullfrogs
  A wyvern zombie (D:11)
  4 scorpions
  11 killer bees
  4 wights
  3 howler monkeys
  10 crimson imps
  A centaur zombie (D:5)
  2 quasits
  A bullfrog zombie (D:11)
  4 orc priests
  4 jellies
  5 hounds
  4 centaur skeletons
  A bullfrog skeleton (D:5)
  2 iguanas
  9 orc wizards
  11 worker ants
  A hound skeleton (D:11)
  A worker ant zombie (D:5)
  4 gnolls
  15 adders
  A shadow imp (D:6)
  11 oozes (Sewer)
  2 adder skeletons (D:6)
  3 worms
  3 dart slugs
  18 leopard geckos
  56 orcs
  12 ball pythons
  12 giant cockroaches
  9 goblins
  7 hobgoblins
  8 jackals
  4 quokkas
  4 bats
  20 frilled lizards
  A giant cockroach zombie (D:5)
  A jackal skeleton (D:4)
  15 kobolds
  A leopard gecko skeleton (D:5)
  A quokka skeleton (D:4)
  15 rats
361 creatures vanquished.

Vanquished Creatures (others)
  A slave (D:8)
  A howler monkey (D:7)
2 creatures vanquished.

Grand Total: 363 creatures vanquished

Notes
Turn   | Place    | Note
-------+----------+-------------------------------------------
     0 | D:1      | KristoblXynda the Draconian Gladiator began the quest for the Orb.
     0 | D:1      | Reached XP level 1. HP: 17/17 MP: 1/1
    80 | D:1      | Reached XP level 2. HP: 17/24 MP: 2/2
   283 | D:1      | Reached XP level 3. HP: 28/29 MP: 3/3
   704 | D:2      | Found a hide-covered altar of Uskayaw.
   725 | D:2      | Became a worshipper of Uskayaw the Reveler
   785 | D:2      | Reached * piety under Uskayaw
   790 | D:2      | Reached skill level 4 in Long Blades
   790 | D:2      | Reached ** piety under Uskayaw
   804 | D:2      | Found a sacrificial altar of Ru.
   839 | D:2      | Reached XP level 4. HP: 30/36 MP: 4/4
  1348 | D:3      | Reached *** piety under Uskayaw
  1351 | D:3      | Reached **** piety under Uskayaw
  1443 | D:3      | Found a glowing drain.
  1453 | Sewer    | Entered a sewer
  1459 | Sewer    | Reached XP level 5. HP: 26/41 MP: 5/5
  1469 | Sewer    | Reached skill level 5 in Long Blades
  1935 | Sewer    | Reached XP level 6. HP: 45/48 MP: 6/6
  1941 | Sewer    | Reached skill level 6 in Long Blades
  2640 | D:3      | Your scales start taking on a dull iron-grey colour.
  2640 | D:3      | Reached XP level 7. HP: 52/55 MP: 7/7
  2640 | D:3      | Gained mutation: You can survive without breathing. [Grey Draconian growth]
  2830 | D:3      | Found a blossoming altar of Fedhas.
  2904 | D:4      | Found Ihanidde's Assorted Antiques.
  2913 | D:4      | Bought a purple potion for 21 gold pieces
  2913 | D:4      | Bought a potion of lignification for 72 gold pieces
  3012 | D:4      | Reached skill level 7 in Long Blades
  3082 | D:4      | Found Poovys's Antique Armour Boutique.
  3233 | D:4      | Found Ocacs's Book Shop.
  3288 | D:4      | Found a shimmering altar of Xom.
  3301 | D:4      | Found Niudiut's Jewellery Emporium.
  3304 | D:4      | Reached skill level 5 in Dodging
  3410 | D:4      | Found Buimethri's Distillery.
  3503 | D:5      | Entered Level 5 of the Dungeon
  3693 | D:5      | Reached skill level 8 in Long Blades
  3693 | D:5      | Reached XP level 8. HP: 51/61 MP: 8/8
  4223 | D:6      | Reached skill level 9 in Long Blades
  4389 | D:6      | Found an opulent altar of Gozag.
  4999 | D:6      | Reached skill level 10 in Long Blades
  5157 | D:6      | Reached XP level 9. HP: 67/67 MP: 9/9
  5311 | D:6      | Found a glowing silver altar of Zin.
  5465 | D:7      | Found a shadowy altar of Dithmenos.
  5476 | D:7      | Reached skill level 1 in Invocations
  5530 | D:7      | Noticed Pikel
  5547 | D:7      | Killed Pikel
  5831 | D:7      | Found a staircase to the Ecumenical Temple.
  5878 | D:7      | Found an iron altar of Okawaru.
  6215 | D:7      | Found a snail-covered altar of Cheibriados.
  6215 | D:7      | Found a shadowy altar of Dithmenos.
  6215 | D:7      | Found a bloodstained altar of Trog.
  6334 | Temple   | Entered the Ecumenical Temple
  6504 | D:8      | Reached skill level 11 in Long Blades
  6504 | D:8      | Reached ***** piety under Uskayaw
  7457 | D:8      | Reached XP level 10. HP: 73/73 MP: 13/13
  7809 | D:9      | Found Iclovver's Weapon Shop.
  7863 | D:9      | Found Hats's Book Emporium.
  8129 | D:9      | Found Miazegh's Food Shop.
  8354 | D:9      | Found a staircase to the Lair.
  8528 | D:9      | Noticed a two-headed ogre
  8545 | D:9      | Killed a two-headed ogre
  8545 | D:9      | Reached skill level 12 in Long Blades
  8545 | D:9      | Reached skill level 5 in Invocations
  8602 | D:9      | Found Yhiemek's General Store.
  8610 | D:9      | Identified a scroll of acquirement
  9110 | D:10     | Entered Level 10 of the Dungeon
  9664 | D:10     | Found a shimmering altar of Xom.
 10512 | D:11     | Noticed a gargoyle
 10524 | D:11     | Killed a gargoyle
 10544 | D:11     | Reached XP level 11. HP: 66/79 MP: 15/15
 10580 | D:11     | Found a shadowy altar of Dithmenos.
 10773 | D:11     | Noticed Harold
 10804 | D:11     | Killed Harold
 10804 | D:11     | Reached skill level 13 in Long Blades
 11765 | D:12     | Noticed a two-headed ogre
 11771 | D:12     | Killed a two-headed ogre
 12312 | D:12     | Found a staircase to the Orcish Mines.
 12321 | D:12     | Noticed Kirke
 12360 | D:12     | Noticed a lindwurm
 12367 | D:12     | Slain by a lindwurm

Vault maps used:
D:1:      dpeg_arrival_arbitrary_b
D:2:      old_standard_altar, eat_drink_and_be_merry_uskayaw
D:3:      marbit_many_paths, gup_sewer_entry_bubbles, first_ration
D:4:      lemuel_upstairs_altar, serial_shops, shop, shop_statue,
          nicolae_shop_stone, shop, shop, led_xom_imps
D:6:      zin_statuary, hangedman_decor_slide_cut, grunt_gozag_statues
D:7:      lemuel_coloured_pillars_altar, minitemple,
          minmay_temple_entry_enclosed_plants, nicolae_dithmenos_shadow_blocks,
          uniq_pikel
D:8:      grunt_ogre_cave, kennysheep_small_square
D:9:      lair_entry_dummy, serial_shops, shop, shop, shop,
          nicolae_shop_waterfront, minmay_holes
D:10:     basic_altar
D:11:     basic_altar, uniq_harold
D:12:     david_orc_2, uniq_kirke
Temple:   dshaligram_water_room_temple
Sewer:    sewer_frog_island_02

Skill      XL: |  1  2  3  4  5  6  7  8  9 10 11 |
---------------+----------------------------------+-----
Throwing       | 2 |  2.0
Dodging        | 3 4 5 6 7 8 9 |  9.4
Long Blades    | 4 5 6 8 10 11 12 13 | 13.4
Invocations    | 4 6 7 |  7.7
Fighting       | 3 |  3.6

Action                   |  1- 3 |  4- 6 |  7- 9 | 10-12 || total
-------------------------+-------+-------+-------+-------++-------
Melee: Long sword        |    87 |   277 |   457 |   383 ||  1204
       Tailslap          |    14 |    29 |    76 |    58 ||   177
       Unarmed           |       |       |       |    14 ||    14
Evoke: Wand              |       |       |       |    17 ||    17
  Use: Scroll            |       |    12 |    11 |    11 ||    34
       Potion            |       |     4 |     2 |     6 ||    12
 Stab: Sleeping          |     1 |       |     1 |     1 ||     3
       Paralysed         |       |     6 |    13 |    26 ||    45
  Eat: Chunk             |       |     6 |    12 |     4 ||    22
       Ration            |       |       |     1 |     4 ||     5
Armor: Skin              |    23 |   169 |   141 |   164 ||   497
Dodge: Dodged            |    73 |   264 |   317 |   266 ||   920
Block: Other             |       |       |       |    21 ||    21
       Reflection        |       |       |       |     3 ||     3
       Rpst.: Long sword |    27 |    87 |   106 |    69 ||   289

Table legend:
 A = Spawn XP
 B = Non-spawn XP
 C = Spawn XP percentage of total XP
 D = Spawn monster count
 E = Non-spawn monster count
 F = Spawn count percentage of total count
 G = Total turns spent on level
                    A         B        C        D         E        F      G
               +---------+---------+-------+---------+---------+-------+---------
         Total |       0 |   16488 |   0.0 |       0 |     360 |   0.0 | 12367
               +---------+---------+-------+---------+---------+-------+---------
           D:1 |       0 |      58 |   0.0 |       0 |      26 |   0.0 |   583
           D:2 |       0 |      47 |   0.0 |       0 |      15 |   0.0 |   684
           D:3 |       0 |     277 |   0.0 |       0 |      44 |   0.0 |  1107
           D:4 |       0 |     398 |   0.0 |       0 |      18 |   0.0 |   613
           D:5 |       0 |     761 |   0.0 |       0 |      31 |   0.0 |   715
           D:6 |       0 |    1024 |   0.0 |       0 |      36 |   0.0 |  1213
           D:7 |       0 |    1277 |   0.0 |       0 |      14 |   0.0 |   938
           D:8 |       0 |    1414 |   0.0 |       0 |      30 |   0.0 |  1310
           D:9 |       0 |    2037 |   0.0 |       0 |      13 |   0.0 |  1336
          D:10 |       0 |    2169 |   0.0 |       0 |      28 |   0.0 |  1116
          D:11 |       0 |    2445 |   0.0 |       0 |      21 |   0.0 |  1258
          D:12 |       0 |    4213 |   0.0 |       0 |      29 |   0.0 |   883
         Sewer |       0 |     368 |   0.0 |       0 |      55 |   0.0 |   516
               +---------+---------+-------+---------+---------+-------+---------
